[Event "Late-Titled-Tuesday-Blitz-July-09-2024"]
[Site "Chess.com"]
[Date "2024.07.09"]
[Round "3"]
[White "TheAlienParty"]
[Black "maurovargas01"]
[Result "1-0"]
[WhiteElo "2332"]
[BlackElo "1943"]
[TimeControl "180+1"]
[EndTime "14:26:12 PDT"]
[Termination "TheAlienParty won by checkmate"]

1. c4 e5 2. Nc3 Nc6 3. Nf3 f5 4.
g3 Nf6 5. d4 e4 6. Nh4 g6 7.
Bg5 Bb4 8. Rc1 O-O 9. Ng2 Kg7 10. Qd2 Rf7 11. h4 Qf8 12. Bh6+ Kg8 13. Bxf8 Rxf8 14.
Nf4 d6 15. a3 Bxc3 16. Rxc3 Bd7 17. h5 g5 18. Nd5 h6 19. Nxc7 Rac8 20. Nb5 d5 21. Nd6 Rcd8 22. Nxb7 Rb8 23. Nc5 dxc4 24. e3 Be8 25. Bxc4+ Kg7 26. b4 Nxh5 27. Ne6+ Kf7 28. Nxf8+ Kxf8 29. g4 fxg4 30. Bd5 Ne7 31. Bxe4 g3 32. fxg3 Nxg3 33. Qf2+ Ngf5 34. Bxf5 Nxf5 35.
Qxf5+ Kg7 36. Rc7+ Kg8 37. Qh7+ Kf8 38. Qg7# 1-0

[Event "Late-Titled-Tuesday-Blitz-July-09-2024"]
[Site "Chess.com"]
[Date "2024.07.09"]
[Round "3"]
[White "Zurability"]
[Black "Arysya"]
[Result "0-1"]
[WhiteElo "2672"]
[BlackElo "2894"]
[TimeControl "180+1"]
[EndTime "14:26:13 PDT"]
[Termination "Arysya won by resignation"]

1. e4 c5 2. Nf3 e6 3. c3 b6 4. Bd3 Bb7 5. Bc2 Nf6 6. e5 Nd5 7. O-O Nc6 8. d4 cxd4 9. cxd4 d6 10. a3 Be7 11. Qe2 g5 12. exd6 Qxd6 13. Nxg5 Nxd4 14. Ba4+ Bc6 15. Bxc6+ Qxc6 16. Qh5 Bxg5 17. Bxg5 Rg8 18.
h4 Nf4 19. Qg4 f5 0-1

[Event "Late-Titled-Tuesday-Blitz-July-09-2024"]
[Site "Chess.com"]
[Date "2024.07.09"]
[Round "3"]
[White "KVAIDAN"]
[Black "TOCANTINS_TO"]
[Result "1-0"]
[WhiteElo "2363"]
[BlackElo "2038"]
[TimeControl "180+1"]
[EndTime "14:26:15 PDT"]
[Termination "KVAIDAN won by resignation"]

1. f4 g6 2. Nf3 Bg7 3. d3 d6 4. e4 Nf6 5. Be2 O-O 6. O-O c5 7.
Nc3 a6 8. Qe1 Bg4 9. Qh4 Bxf3 10. Rxf3 Nbd7 11. Rh3 e6 12. f5 exf5 13. Nd5 Re8 14.
Bg5 Re6 15. Rf1 Qa5 16. Nxf6+ Bxf6 17. Qxh7+ Kf8 18. Bxf6 Nxf6 19. Qh8+ Ng8 20. exf5 Rxe2 21. fxg6 c4 22. Rxf7+ 1-0

[Event "Late-Titled-Tuesday-Blitz-July-09-2024"]
[Site "Chess.com"]
[Date "2024.07.09"]
[Round "3"]
[White "Burgsvik"]
[Black "AlphaPerseii"]
[Result "1-0"]
[WhiteElo "2268"]
[BlackElo "2392"]
[TimeControl "180+1"]
[EndTime "14:26:16 PDT"]
[Termination "Burgsvik won by resignation"]

1. e4 e6 2. d4 d5 3. e5 c5 4. c3 Nc6 5. Nf3 Bd7 6. a3 Qb6 7. b4 c4 8. Be3 a5 9. Nbd2 Nge7 10.
Be2 Nf5 11. O-O Be7 12. Qc2 O-O 13. Rfb1 axb4 14. axb4 Rxa1 15. Rxa1 Nxe3 16. fxe3 f6 17. exf6 Bxf6 18. Nf1 e5 19. Ng3 e4 20. Nd2 Qc7 21. Qa2 Bg5 22. Ngf1 Rf6 23. Bxc4 dxc4 24. Qxc4+ Be6 25.
d5 Rh6 26. Ra8+ Bc8 27. dxc6+ Kf8 28. Qxe4 1-0

[Event "Late-Titled-Tuesday-Blitz-July-09-2024"]
[Site "Chess.com"]
[Date "2024.07.09"]
[Round "3"]
[White "Maluco_do_Natal_00"]
[Black "AlexZambrano"]
[Result "1-0"]
[WhiteElo "2000"]
[BlackElo "2280"]
[TimeControl "180+1"]
[EndTime "14:26:17 PDT"]
[Termination "Maluco_do_Natal_00 won by resignation"]

1. e4 c5 2. Nf3 d6 3. d4 cxd4 4. Nxd4 Nf6 5. Nc3 g6 6. Be3 Bg7 7. f3 O-O 8. Qd2 a6 9. Bc4 Qc7 10. Bb3 Nbd7 11. Bh6 Ne5 12. Bxg7 Kxg7 13. h4 h5 14.
O-O-O b5 15. Qg5 Nc4 16. g4 b4 17. Nd5 Nxd5 18. exd5 Rh8 19. Rhg1 f6 20. Qf4 a5 21. Bxc4 1-0

[Event "Late-Titled-Tuesday-Blitz-July-09-2024"]
[Site "Chess.com"]
[Date "2024.07.09"]
[Round "3"]
[White "johnmez"]
[Black "Individoom"]
[Result "0-1"]
[WhiteElo "2296"]
[BlackElo "2760"]
[TimeControl "180+1"]
[EndTime "14:26:21 PDT"]
[Termination "Individoom won by resignation"]

1. d4 Nf6 2. c4 g6 3. Nc3 Bg7 4. e4 d6 5. f3 O-O 6. Bg5 h6 7. Be3 e5 8. d5 c6 9. Qd2 cxd5 10. cxd5 h5 11. Nge2 a6 12. Nc1 Nbd7 13. Be2 Nh7 14. O-O h4 15. b4 f5 16. exf5 gxf5 17. f4 Nhf6 18. fxe5 Nxe5 19. Bd4 Bd7 20. Nb3 Qe8 21.
Kh1 Qg6 22. Qf4 Nfg4 23. Bxg4 fxg4 24. Qd2 h3 25. g3 Bf5 26. Rfe1 Nf3 27. Qd1 Nxe1 28.
Qxe1 Rae8 0-1

[Event "Late-Titled-Tuesday-Blitz-July-09-2024"]
[Site "Chess.com"]
[Date "2024.07.09"]
[Round "3"]
[White "vladjianu"]
[Black "rionelG"]
[Result "1-0"]
[WhiteElo "2637"]
[BlackElo "2422"]
[TimeControl "180+1"]
[EndTime "14:26:28 PDT"]
[Termination "vladjianu won on time"]

1. d4 d5 2. c4 e6 3. Nc3 Nf6 4. cxd5 exd5 5. Bg5 c6 6. e3 Be7 7. Bd3 h6 8. Bh4 O-O 9. h3 Re8 10. Qc2 Ne4 11. Bxe7 Qxe7 12. Bxe4 dxe4 13. Nge2 Bf5 14. Ng3 Bg6 15. O-O Nd7 16. Rab1 a5 17. Rfc1 Nf6 18. a3 Red8 19. b4 axb4 20. axb4 Rac8 21. Qb3 Qd7 22. Na4 Nd5 23. Nc5 Qe7 24. b5 cxb5 25.
Qxb5 b6 26. Na4 Rxc1+ 27. Rxc1 Qe6 28. Rc6 Rd6 29. Rxd6 Qxd6 30. Nxe4 Bxe4 31. Qe8+ Qf8 32. Qxe4 Nf6 33. Qc6 Qb4 34. Qc8+ Kh7 35. Qc2+ 1-0

[Event "Late-Titled-Tuesday-Blitz-July-09-2024"]
[Site "Chess.com"]
[Date "2024.07.09"]
[Round "3"]
[White "Oleksandr_Bortnyk"]
[Black "Paladin61"]
[Result "1-0"]
[WhiteElo "3055"]
[BlackElo "2728"]
[TimeControl "180+1"]
[EndTime "14:26:29 PDT"]
[Termination "Oleksandr_Bortnyk won by checkmate"]

1. d4 d5 2. Nc3 Nf6 3. Bf4 c5 4. e4 Nxe4 5. Nxe4 dxe4 6. dxc5 Qa5+ 7. c3 Qxc5 8. Qa4+ Nc6 9. Qxe4 g6 10. Nf3 Bg7 11.
Rd1 O-O 12. Be3 Qf5 13. Bd3 Rd8 14. O-O Qxe4 15. Bxe4 Be6 16. a3 Rdc8 17. Rfe1 h6 18. Bf4 g5 19. Be3 a5 20. h4 g4 21. Nd4 Nxd4 22.
Bxd4 Bxd4 23. Rxd4 Rc7 24. Bd3 Kg7 25. Re5 Kf6 26. Rh5 Kg7 27. Re5 Kf6 28. Rb5 Ra6 29. Rh5 Rb6 30. Rxh6+ Kg7 31. Rh7+ Kg8 32. Rd8# 1-0

[Event "Late-Titled-Tuesday-Blitz-July-09-2024"]
[Site "Chess.com"]
[Date "2024.07.09"]
[Round "3"]
[White "Nicolik"]
[Black "wild3000"]
[Result "1-0"]
[WhiteElo "2706"]
[BlackElo "2459"]
[TimeControl "180+1"]
[EndTime "14:26:35 PDT"]
[Termination "Nicolik won on time"]

1. d4 Nf6 2. c4 e6 3. Nc3 Bb4 4. e3 O-O 5. Bd2 c5 6. a3 Bxc3 7. Bxc3 Ne4 8. Rc1 Nxc3 9. Rxc3 cxd4 10. exd4 d5 11. Nf3 Nc6 12. c5 Re8 13. Bb5 a6 14.
Bxc6 bxc6 15. O-O a5 16. Re1 Qc7 17. h4 h6 18. Qd2 Rb8 19. Ne5 f6 20. Ng6 e5 21.
Rg3 Bf5 22. Ree3 Qf7 23. h5 exd4 24. Qxd4 Rxe3 25. Qxe3 Re8 26. Qf4 Bxg6 27. hxg6 Qe7 28. Re3 Qd8 29. Qc7 Qc8 30. Re7 Kh8 31. Rxg7 Qxc7 32.
Rxc7 1-0

[Event "Late-Titled-Tuesday-Blitz-July-09-2024"]
[Site "Chess.com"]
[Date "2024.07.09"]
[Round "3"]
[White "Zq1"]
[Black "luggevoila"]
[Result "1-0"]
[WhiteElo "2579"]
[BlackElo "2346"]
[TimeControl "180+1"]
[EndTime "14:26:36 PDT"]
[Termination "Zq1 won by checkmate"]

1. d4 d5 2. c4 e6 3. Nc3 Nf6 4. cxd5 exd5 5. Bg5 Be7 6. e3 O-O 7. Bd3 b6 8. Nf3 Bb7 9. Ne5 Nbd7 10. f4 Ne4 11.
Bxe7 Qxe7 12. O-O Nxc3 13. bxc3 f6 14. Qh5 g6 15. Nxg6 Qxe3+ 16. Kh1 Qxd3 17. Nxf8 Rxf8 18.
Qg4+ Qg6 19. Qxd7 Rf7 20. Qe8+ Kg7 21. Rae1 Ba6 22. Rf3 Qc2 23. Rg3+ Kh6 24. Qxf7 Qf2 25. Qg7+ Kh5 26. Qxh7# 1-0

[Event "Late-Titled-Tuesday-Blitz-July-09-2024"]
[Site "Chess.com"]
[Date "2024.07.09"]
[Round "3"]
[White "Snowball-03"]
[Black "Walter_White_Poland"]
[Result "1-0"]
[WhiteElo "2617"]
[BlackElo "2413"]
[TimeControl "180+1"]
[EndTime "14:26:38 PDT"]
[Termination "Snowball-03 won by resignation"]

1. d4 d5 2. Bg5 c5 3. dxc5 Nc6 4. e4 Qa5+ 5. Qd2 Qxd2+ 6. Nxd2 f6 7. Bh4 e6 8. exd5 exd5 9. Nb3 Bf5 10. O-O-O Nb4 11. Nd4 Bg6 12. Bb5+ Kf7 13. a3 Nc6 14. Nxc6 bxc6 15.
Bxc6 Rd8 16. Bxd5+ Rxd5 17. Rxd5 Ne7 18. Rd1 Nf5 19.
Bg3 Bxc5 20. Nf3 Rc8 21. c3 Nxg3 22. fxg3 Be3+ 23. Nd2 h5 24. Rhe1 Bh6 25. Re2 h4 26. gxh4 Bh5 27. Rde1 Rd8 28. Kc2 Bxe2 29. Rxe2 Bxd2 30.
Rxd2 Re8 31. Rd7+ Kg6 32. Kd2 a6 33. b4 Re4 34. g3 a5 35. b5 Ra4 36. Kc2 Rxa3 37. Kb2 Ra4 38. b6 Re4 39. b7 Re8 40. c4 Kf5 41. c5 Ke6 42. c6 Rb8 43. Kc3 g6 44. Rd3 1-0

[Event "Late-Titled-Tuesday-Blitz-July-09-2024"]
[Site "Chess.com"]
[Date "2024.07.09"]
[Round "3"]
[White "Charodej1"]
[Black "ELPRIMO0O0"]
[Result "0-1"]
[WhiteElo "2391"]
[BlackElo "2605"]
[TimeControl "180+1"]
[EndTime "14:26:43 PDT"]
[Termination "ELPRIMO0O0 won by resignation"]

1. e4 Nf6 2. e5 Nd5 3. d4 d6 4.
Nf3 Nb6 5. h3 dxe5 6. Nxe5 g6 7.
c4 Bg7 8. Bf4 O-O 9. Nc3 Nc6 10.
Nxc6 bxc6 11. Be3 Be6 12. Qf3 Bxc4 13. Qxc6 Bxf1 14. Kxf1 a5 15. Rd1 a4 16. a3 Ra5 17.
g3 Qd6 18. Qe4 Nc4 19. Bc1 Rb8 20. Qe2 Qc6 21. d5 Qc5 22. Ne4 Qb5 23. Nc3 Qb3 24. Kg2 Nxb2 25. Bxb2 Qxb2 26. Qxb2 Rxb2 27. Ne4 Rb3 28.
Rc1 Rxd5 29. Rxc7 Rxa3 30. Rb1 Bd4 31. Rb8+ Kg7 32. Rxe7 Re5 33. Rxe5 Bxe5 34. Nc5 Bxb8 0-1

[Event "Late-Titled-Tuesday-Blitz-July-09-2024"]
[Site "Chess.com"]
[Date "2024.07.09"]
[Round "3"]
[White "Ganziitoo"]
[Black "Gyulamiryan-koryun"]
[Result "1-0"]
[WhiteElo "2322"]
[BlackElo "1914"]
[TimeControl "180+1"]
[EndTime "14:26:43 PDT"]
[Termination "Ganziitoo won on time"]

1. e4 e5 2. Nf3 Nc6 3. Bc4 Nf6 4. d3 Be7 5. O-O O-O 6. Re1 d6 7. c3 Be6 8. Bxe6 fxe6 9. Qb3 Qc8 10. Nbd2 Kh8 11.
Nf1 a5 12. a4 Nd8 13. Ng3 Nf7 14. d4 Ra6 15. dxe5 dxe5 16. Be3 c5 17. Rad1 Qc6 18. Qc2 Ng4 19. h3 Nxe3 20. Rxe3 Ng5 21. Nxe5 Qc7 22. Nf3 Nxf3+ 23. Rxf3 Rxf3 24. gxf3 c4 25. Qe2 g6 26. Rd4 Rc6 27. Qd2 Rd6 28.
Ne2 1-0

[Event "Late-Titled-Tuesday-Blitz-July-09-2024"]
[Site "Chess.com"]
[Date "2024.07.09"]
[Round "3"]
[White "MKlose11"]
[Black "Jahonas"]
[Result "1-0"]
[WhiteElo "2662"]
[BlackElo "2432"]
[TimeControl "180+1"]
[EndTime "14:26:44 PDT"]
[Termination "MKlose11 won by resignation"]

1. e4 c6 2. Nc3 d5 3. g3 e6 4. Bg2 Nf6 5. Nge2 dxe4 6. Nxe4 Nxe4 7. Bxe4 Nd7 8. d4 Bd6 9. O-O Nf6 10. Bg2 O-O 11.
c3 Re8 12. Bf4 h6 13. Bxd6 Qxd6 14. Nf4 b6 15. Nd3 Bb7 16. Re1 Rad8 17. Qa4 a5 18. Ne5 Nd5 19. Qb3 Qc7 20. a4 c5 21. dxc5 Qxc5 22. Qb5 Qc7 23. Rad1 Rf8 24. c4 Nb4 25. Nd7 Bxg2 26. Kxg2 Rfe8 27. Nxb6 Qb7+ 28. Kg1 Rxd1 29. Rxd1 Qf3 30. Qxe8+ Kh7 31. Qd7 Nd5 32. Rxd5 exd5 33.
Qxd5 1-0

[Event "Late-Titled-Tuesday-Blitz-July-09-2024"]
[Site "Chess.com"]
[Date "2024.07.09"]
[Round "3"]
[White "MatthewG-p4p"]
[Black "ChessSwole"]
[Result "1-0"]
[WhiteElo "2928"]
[BlackElo "2691"]
[TimeControl "180+1"]
[EndTime "14:26:46 PDT"]
[Termination "MatthewG-p4p won on time"]

1. f4 d5 2. Nf3 g6 3. g3 Bg7 4. Bg2 c6 5. O-O Qb6+ 6. d4 Nh6 7. c4 dxc4 8. Nc3 Nf5 9. e3 O-O 10. Qe2 Qa6 11. Ne5 Nd6 12. Bd2 Nd7 13. a4 f6 14. Nf3 Qb6 15. a5 Qxb2 16. Ra2 Qb3 17. Rb1 b5 18. axb6 Nxb6 19. e4 Be6 20. Rxb3 cxb3 21.
Ra1 Bc4 22. Qf2 a5 23. e5 Nb5 24. Nxb5 cxb5 25. Bxa5 Na4 26. Bb4 Bd3 27. Re1 b2 28.
Nd2 Rac8 29. Bxe7 Rfe8 30. exf6 Bf8 31. Bd5+ Kh8 32. Bf7 Bxe7 33. fxe7 Nc3 34. Bxe8 Rxe8 35. d5 1-0

[Event "Late-Titled-Tuesday-Blitz-July-09-2024"]
[Site "Chess.com"]
[Date "2024.07.09"]
[Round "3"]
[White "ReinisUz"]
[Black "klimkoj"]
[Result "0-1"]
[WhiteElo "2547"]
[BlackElo "2862"]
[TimeControl "180+1"]
[EndTime "14:26:47 PDT"]
[Termination "klimkoj won by resignation"]

1. c4 Nf6 2. Nc3 e5 3. g3 c6 4.
e4 d5 5. cxd5 cxd5 6. exd5 Nxd5 7. Bg2 Nxc3 8. bxc3 Nc6 9. Ne2 Be7 10. O-O O-O 11.
d4 exd4 12. Nxd4 Nxd4 13. Qxd4 Qa5 14. Bd2 Bf6 15. Qf4 Rd8 16. Rab1 Qxa2 17. Be3 Bxc3 18.
Bxb7 Bxb7 19. Rxb7 a5 20. Rc1 Qd5 21. Re7 Bf6 22. Re4 Rac8 23. Re1 Bc3 24. Rf1 h6 25.
Ra4 Bb4 26. Raa1 Rc4 27. Rfd1 Qxd1+ 0-1

[Event "Late-Titled-Tuesday-Blitz-July-09-2024"]
[Site "Chess.com"]
[Date "2024.07.09"]
[Round "3"]
[White "SandwichOSaumon"]
[Black "Marcin"]
[Result "0-1"]
[WhiteElo "2299"]
[BlackElo "2634"]
[TimeControl "180+1"]
[EndTime "14:26:49 PDT"]
[Termination "Marcin won by resignation"]

1. e4 e5 2. Nf3 Nc6 3. Bb5 a6 4. Ba4 Nf6 5. O-O b5 6. Bb3 Bc5 7. d3 d6 8. a4 Rb8 9. axb5 axb5 10. Be3 Bxe3 11. fxe3 O-O 12. Nc3 Be6 13. Nd5 Bxd5 14. exd5 Ne7 15. e4 Ng6 16. Qe1 Nd7 17. Qg3 f5 18. Ng5 f4 19. Qg4 Nc5 20. Ne6 Nxe6 21.
Qxe6+ Kh8 22. Rf3 Ra8 23. Raf1 Qf6 24. Qg4 Qh4 25. Qd7 Rfc8 26. Rh3 Qg5 27. Qxb5 Nh4 28. g3 fxg3 29. Rxg3 Qd2 30. Qd7 Ng6 31. Qh3 Rf8 32. Qg2 Rxf1+ 33. Qxf1 Nf4 34. Rf3 g5 35. Rf2 Qe3 36.
Kh1 Ra1 37. Qxa1 Qxf2 38. Qg1 Qf3+ 0-1

[Event "Late-Titled-Tuesday-Blitz-July-09-2024"]
[Site "Chess.com"]
[Date "2024.07.09"]
[Round "3"]
[White "CoachKevinVelazquez"]
[Black "CapivaraBondoso"]
[Result "1-0"]
[WhiteElo "2341"]
[BlackElo "1921"]
[TimeControl "180+1"]
[EndTime "14:26:49 PDT"]
[Termination "CoachKevinVelazquez won by resignation"]

1. d4 Nf6 2. Bf4 g6 3. e3 Bg7 4. Nf3 O-O 5. Bd3 d6 6. Nbd2 Nbd7 7. h4 h5 8. Bc4 d5 9. Bd3 c5 10. c3 b6 11. Qe2 Bb7 12. O-O-O a6 13. Kb1 b5 14.
Ne5 c4 15. Bc2 a5 16. f3 b4 17. g4 bxc3 18. bxc3 a4 19. a3 Bc8 20. Ka2 Qa5 21.
Nb1 Ra6 22. Nxd7 Bxd7 23. Be5 hxg4 24. Bxf6 gxf3 25. Qxf3 Bxf6 26. h5 Kg7 27. hxg6 fxg6 28. Rdg1 Be8 29. Qf5 Bxd4 30. Rh7+ Kxh7 31. Qxf8 Bg7 32.
Rh1+ 1-0

[Event "Late-Titled-Tuesday-Blitz-July-09-2024"]
[Site "Chess.com"]
[Date "2024.07.09"]
[Round "3"]
[White "brm72"]
[Black "pirulillo"]
[Result "1-0"]
[WhiteElo "2651"]
[BlackElo "2424"]
[TimeControl "180+1"]
[EndTime "14:26:55 PDT"]
[Termination "brm72 won by checkmate"]

1. e4 c5 2. Nf3 e6 3. d4 cxd4 4. Nxd4 Nf6 5. Nc3 Nc6 6. Nxc6 bxc6 7. Bd3 e5 8. O-O Bc5 9. Kh1 d6 10.
h3 h6 11. f4 exf4 12. Bxf4 Nd7 13. Na4 O-O 14. Nxc5 Nxc5 15. Qh5 Nxd3 16. cxd3 Qf6 17. Rf3 d5 18. Raf1 Qg6 19. Qh4 Kh7 20. Rg3 Qe6 21.
Kh2 dxe4 22. dxe4 Ba6 23. Rd1 Qxe4 24. Rd6 Bf1 25. Rxh6+ gxh6 26. Qxh6# 1-0

[Event "Late-Titled-Tuesday-Blitz-July-09-2024"]
[Site "Chess.com"]
[Date "2024.07.09"]
[Round "3"]
[White "HouseOfDurin"]
[Black "mortngabriel"]
[Result "1-0"]
[WhiteElo "2296"]
[BlackElo "2455"]
[TimeControl "180+1"]
[EndTime "14:26:56 PDT"]
[Termination "HouseOfDurin won on time"]

1. d4 d5 2. Bg5 h6 3. Bh4 c5 4. c3 cxd4 5. cxd4 Qb6 6. Qc2 Nc6 7. e3 Bf5 8. Qxf5 Qxb2 9. Qxd5 Qxa1 10. Qb3 e6 11.
Qxb7 Bb4+ 12. Ke2 Qb2+ 13. Kf3 Rb8 14. Qxc6+ Kf8 15. Bd3 Ne7 16. Bxe7+ Bxe7 17. Ne2 g6 18. Nbc3 Kg7 19. h4 Rhc8 20. Qd7 Rxc3 21. Rb1 Qd2 22.
Rxb8 Rxd3 23. Qxe7 1-0

[Event "Late-Titled-Tuesday-Blitz-July-09-2024"]
[Site "Chess.com"]
[Date "2024.07.09"]
[Round "3"]
[White "FabianoCaruana"]
[Black "Yaacovn"]
[Result "1-0"]
[WhiteElo "3185"]
[BlackElo "2792"]
[TimeControl "180+1"]
[EndTime "14:26:59 PDT"]
[Termination "FabianoCaruana won by resignation"]

1. c4 c5 2. Nf3 Nf6 3. g3 b6 4. Bg2 Bb7 5. O-O g6 6. Nc3 Bg7 7. d4 Ne4 8. Nxe4 Bxe4 9. Be3 d6 10. Rc1 O-O 11. b3 Nc6 12. d5 Bxf3 13. Bxf3 Ne5 14.
Bg2 a6 15. Bd2 b5 16. f4 Nd7 17. Bc3 Bxc3 18. Rxc3 Qa5 19. Qc2 Rab8 20. Re3 Rfe8 21. Bh3 Nf6 22. g4 bxc4 23. bxc4 Rb4 24. g5 Nh5 25. f5 Rf8 26. fxg6 hxg6 27. Rxe7 Ng7 28. Be6 fxe6 29. Qxg6 Rxf1+ 30. Kxf1 Rb1+ 31. Qxb1 1-0

[Event "Late-Titled-Tuesday-Blitz-July-09-2024"]
[Site "Chess.com"]
[Date "2024.07.09"]
[Round "3"]
[White "ninjatrick"]
[Black "Igor_Janik"]
[Result "0-1"]
[WhiteElo "2495"]
[BlackElo "2884"]
[TimeControl "180+1"]
[EndTime "14:27:00 PDT"]
[Termination "Igor_Janik won by resignation"]

1. d4 d6 2. Nf3 g6 3. c4 Bg7 4.
Nc3 Bg4 5. e3 c5 6. Be2 cxd4 7.
exd4 Nc6 8. Be3 Nh6 9. h3 Bxf3 10.
Bxf3 Nf5 11. Bxc6+ bxc6 12. O-O O-O 13. Qd2 Rb8 14. Rad1 d5 15. cxd5 cxd5 16. Na4 e6 17. b3 Rc8 18. Nc5 Qh4 19. Qb4 Rfe8 20. Qa4 Bf8 21.
Nd7 Bd6 22. Rc1 Kg7 23. Nc5 Nxe3 24. fxe3 Qg3 25. Qd7 Qh2+ 26. Kf2 Rcd8 27. Qb7 Qg3+ 28. Ke2 Re7 29. Nxe6+ fxe6 0-1

[Event "Late-Titled-Tuesday-Blitz-July-09-2024"]
[Site "Chess.com"]
[Date "2024.07.09"]
[Round "3"]
[White "vi_pranav"]
[Black "zsoltkorpics"]
[Result "1-0"]
[WhiteElo "2986"]
[BlackElo "2509"]
[TimeControl "180+1"]
[EndTime "14:27:02 PDT"]
[Termination "vi_pranav won by resignation"]

1. e4 c5 2. Nf3 e6 3. d4 cxd4 4. Nxd4 Nc6 5. Nc3 Qc7 6. g3 a6 7. Bg2 Nf6 8. O-O Nxd4 9. Qxd4 Bc5 10. Bf4 d6 11. Qd3 Ng4 12. h3 Ne5 13. Qe2 b5 14.
a3 Bb7 15. Rad1 Nc4 16. Bc1 h5 17. h4 Ne5 18. Bf4 O-O-O 19. a4 b4 20. Na2 Kb8 21. c3 b3 22. Nc1 Qb6 23. a5 Qxa5 24. Nxb3 Qb6 25.
Nxc5 Qxc5 26. Rd4 Nc6 27. Rdd1 e5 28. Be3 Qb5 29. Qc2 Ne7 30. Rd2 Qc6 31. Rfd1 f5 32. Qb3 fxe4 33. Qe6 Nc8 34. Qg6 Rd7 35. Bh3 Rdd8 36.
Bxc8 Rxc8 37. Rxd6 Qb5 38. Rb6 Qe2 39. Rxb7+ Kxb7 40. Qb6+ 1-0

[Event "Late-Titled-Tuesday-Blitz-July-09-2024"]
[Site "Chess.com"]
[Date "2024.07.09"]
[Round "3"]
[White "artin10862"]
[Black "MusicCityMaster"]
[Result "1-0"]
[WhiteElo "2949"]
[BlackElo "2498"]
[TimeControl "180+1"]
[EndTime "14:27:02 PDT"]
[Termination "artin10862 won by resignation"]

1. e4 e6 2. d4 d5 3. exd5 exd5 4. Bd3 Nc6 5. c3 Bd6 6. Qf3 Be6 7. Bf4 Nf6 8. Nd2 Qe7 9. Bxd6 Qxd6 10. h3 O-O-O 11. Ne2 Kb8 12. a4 Rde8 13. a5 Bc8 14. b4 g5 15. Nb3 g4 16. Qg3 Qxg3 17. fxg3 Re3 18. Kd2 Rhe8 19. Raf1 Nh5 20. hxg4 Nxg3 21. Nxg3 Rxg3 22.
Rf2 Ree3 23. Nc1 Bxg4 24. Rxh7 a6 25. Rhxf7 Bh5 26. R7f5 Bg4 27. Rg5 Re8 28. Ne2 Ka7 29. Nxg3 1-0

[Event "Late-Titled-Tuesday-Blitz-July-09-2024"]
[Site "Chess.com"]
[Date "2024.07.09"]
[Round "3"]
[White "Adar_07"]
[Black "Caterpiller35"]
[Result "1-0"]
[WhiteElo "2740"]
[BlackElo "2466"]
[TimeControl "180+1"]
[EndTime "14:27:02 PDT"]
[Termination "Adar_07 won by resignation"]

1. e4 c5 2. Nf3 Nc6 3. d4 cxd4 4. Nxd4 e5 5. Nb5 d6 6. N5c3 f5 7. Nd5 f4 8. g3 Nf6 9. Nbc3 Be7 10. gxf4 exf4 11. Bc4 Ne5 12. Bb5+ Bd7 13. Bxf4 Nxd5 14. Qxd5 Bxb5 15. Qxb5+ Nc6 16. Qxb7 Rc8 17. Qb3 Rf8 18. Be3 Bf6 19. O-O-O Qa5 20. Rxd6 Bxc3 21. bxc3 Ne7 22.
Rhd1 Rf6 23. Rxf6 gxf6 24. Bd4 Qg5+ 25. Kb1 Qf4 26. Ka1 Rb8 27. Qe6 Qf3 28. Rg1 Kf8 29.
Bxf6 Ng6 30. Bd4 Re8 31. Qd6+ Kg8 32. Qd7 Re7 33. Qxe7 1-0

[Event "Late-Titled-Tuesday-Blitz-July-09-2024"]
[Site "Chess.com"]
[Date "2024.07.09"]
[Round "3"]
[White "LoonsDeKoeben"]
[Black "GulamaliRises"]
[Result "0-1"]
[WhiteElo "2434"]
[BlackElo "2664"]
[TimeControl "180+1"]
[EndTime "14:27:02 PDT"]
[Termination "GulamaliRises won by resignation"]

1. d4 d6 2. e4 Nf6 3. Nc3 g6 4. Be3 c6 5. Qd2 b5 6. f3 Nbd7 7. Bd3 Bb7 8. Bh6 Bxh6 9. Qxh6 Qb6 10. Nce2 e5 11. c3 c5 12. d5 c4 13. Bc2 Nc5 14.
Qg7 Ke7 15. Qh6 Rhg8 16. Qg5 b4 17. Kd2 Nd3 18. Bxd3 cxd3 19. Kxd3 Ba6+ 20. Kc2 Rab8 21. Nh3 bxc3 22. b3 Bxe2 23. f4 h6 24. Qh4 Qe3 25.
fxe5 Qd3+ 26. Kc1 Qd2+ 0-1

[Event "Late-Titled-Tuesday-Blitz-July-09-2024"]
[Site "Chess.com"]
[Date "2024.07.09"]
[Round "3"]
[White "jcmesafischer"]
[Black "Chigorinetz"]
[Result "0-1"]
[WhiteElo "2359"]
[BlackElo "2591"]
[TimeControl "180+1"]
[EndTime "14:27:03 PDT"]
[Termination "Chigorinetz won by resignation"]

1. e4 c5 2. Nf3 Nc6 3. Bb5 g5 4. Nxg5 Nf6 5. Nc3 Rg8 6. d3 h6 7. h4 Nd4 8. Bc4 e6 9. g3 d5 10. exd5 exd5 11. Nxf7 Qe7+ 12. Be3 Bg4 13. Qc1 dxc4 14. dxc4 Kxf7 15. Kf1 Re8 16. Bxh6 Be2+ 17. Kg1 Bxc4 18. Bg5 Ne2+ 19. Nxe2 Qxe2 20. Qf4 Bg7 21. Kh2 Bd5 22. Rad1 Re4 23. Qf5 Re5 24. Qf4 Rxg5 25.
Rhe1 Qf3 26. Qxf3 Bxf3 27. hxg5 Rh8+ 0-1

[Event "Late-Titled-Tuesday-Blitz-July-09-2024"]
[Site "Chess.com"]
[Date "2024.07.09"]
[Round "3"]
[White "ninguno46"]
[Black "le-castor-faineant"]
[Result "1-0"]
[WhiteElo "2577"]
[BlackElo "2345"]
[TimeControl "180+1"]
[EndTime "14:27:04 PDT"]
[Termination "ninguno46 won on time"]

1. Nf3 Nf6 2. c4 g6 3. Nc3 Bg7 4. e4 d6 5. d4 O-O 6. Be2 Nbd7 7. O-O e5 8. Qc2 a5 9. Rd1 exd4 10. Nxd4 Nc5 11. Ndb5 Re8 12. f3 Bd7 13. Bg5 h6 14. Bh4 g5 15. Bf2 Nh5 16. Bf1 Nf4 17. Qd2 b6 18.
Rac1 Be5 19. Be3 Rc8 20. g3 Nfe6 21. Kh1 Qf6 22. Bg2 Bxb5 23. cxb5 h5 24. Nd5 Qg7 25. b3 h4 26. f4 gxf4 27. gxf4 Bb2 28. Rc2 Bf6 29.
Bf3 Kf8 30. Rg1 Qh8 31. f5 Ng7 32. Nxf6 Nxe4 33. Bxe4 1-0

[Event "Late-Titled-Tuesday-Blitz-July-09-2024"]
[Site "Chess.com"]
[Date "2024.07.09"]
[Round "3"]
[White "ilya2700"]
[Black "KevinGeorgeMicheal"]
[Result "0-1"]
[WhiteElo "2245"]
[BlackElo "2546"]
[TimeControl "180+1"]
[EndTime "14:27:04 PDT"]
[Termination "KevinGeorgeMicheal won on time"]

1. e4 c6 2. d4 d5 3. exd5 cxd5 4.
Bd3 Nf6 5. Bf4 Nc6 6. c3 g6 7. Nf3 Bg7 8. O-O O-O 9. Re1 Bf5 10. Bxf5 gxf5 11. Ne5 e6 12. Nd2 Nxe5 13. Bxe5 Nd7 14. Bxg7 Kxg7 15. Re3 Rg8 16. Rh3 Kh8 17. Nf3 Qf6 18.
Qd2 Rg4 19. Re1 Rag8 20. g3 f4 21. Ne5 Nxe5 22. dxe5 Qf5 23. Kg2 f3+ 24. Kg1 Re4 25. Rh6 Qg5 0-1

[Event "Late-Titled-Tuesday-Blitz-July-09-2024"]
[Site "Chess.com"]
[Date "2024.07.09"]
[Round "3"]
[White "DanielDardha2005"]
[Black "Meri-Arabidze"]
[Result "1-0"]
[WhiteElo "2907"]
[BlackElo "2686"]
[TimeControl "180+1"]
[EndTime "14:27:11 PDT"]
[Termination "DanielDardha2005 won by checkmate"]

1. e4 c5 2. Nf3 e6 3. Bd3 Nc6 4. O-O Nf6 5. Re1 Qc7 6. c3 d5 7.
exd5 Nxd5 8. Be4 Be7 9. d4 cxd4 10. Nxd4 Nxd4 11. Qxd4 O-O 12. Bxd5 exd5 13. Qxd5 Be6 14. Qf3 Bd6 15. Qh5 Rae8 16. Be3 f5 17. Nd2 Bd5 18. Nf3 g6 19. Qh3 a6 20. Bd4 Bxf3 21. Qxf3 Bxh2+ 22. Kh1 Re4 23. g3 Qc6 24. Rxe4 fxe4 25. Qg2 Bxg3 26. fxg3 Rf3 27. Rf1 g5 28. Rxf3 exf3 29. Qf2 g4 30. Kg1 Qc4 31. Qe3 Qd5 32.
Qe8# 1-0